Map: 카이로스 정션 - 래더

Players

MaSa

  • Race: Terran Terran
  • League: Master
  • Spawn Location: 11:00

herO - Winner!

  • Race: Protoss Protoss
  • Spawn Location: 5:00

Event: IEM Season 13 - Katowice Server Qualifiers America

VOD

Have the link to the VOD?

Description

Time

  • Played on: Jan. 6, 2019, 6:13 p.m.
  • Length: 12:05

All games in this series

Show
View Real Time Build Order
Export as new Build Order

MaSa Terran 

Build Orders:  

Get SALT Encoding   

  12  0:00  SCV  
  13  0:13  SCV  
  14  0:18  Supply Depot  
  14  0:25  SCV  
  15  0:41  Barracks  
  15  0:44  Refinery  
  15  0:56  Barracks  
  15  1:01  SCV  
  16  1:14  SCV  
  17  1:20  Barracks  
  17  1:28  Reaper  
  18  1:34  Refinery  
  18  1:46  Reaper  
  19  1:52  Bunker  
  18  2:02  Reaper  
  18  2:07  Orbital Command  
  19  2:23  Reaper  
  19  2:24  Reaper  
  21  2:35  Supply Depot  
  21  2:39  Reaper  
  21  2:43  SCV  
  23  2:58  Reaper, Engineering Bay  
  23  3:09  SCV  
  24  3:19  Reaper  
  24  3:21  SCV  
  23  3:35  SCV  
  23  3:36  Reaper x2, Missile Turret  
  24  3:46  Supply Depot  
  24  3:47  SCV  
  25  3:51  Reaper  
  26  4:02  Factory  
  25  4:03  SCV  
  25  4:08  Reaper x2  
  28  4:15  SCV  
  29  4:26  Marine  
  29  4:27  SCV  
  31  4:42  SCV  
  32  4:45  Factory Tech Lab  
  32  4:46  Marine x3  
  35  4:56  SCV  
  35  4:57  Command Center  
  36  5:04  Cyclone  
  39  5:13  Mag-Field Accelerator  
  34  5:15  SCV  
  34  5:16  Marine x2  
  34  5:17  Marine  
  37  5:26  Bunker  
  37  5:30  Supply Depot  
  37  5:40  SCV  
  38  5:51  Cyclone  
  38  5:52  Starport  
  38  5:53  Supply Depot  
  41  6:02  SCV  
  42  6:11  Missile Turret  
  42  6:16  Terran Infantry Weapons Level 1  
  42  6:24  SCV, Cyclone  
  46  6:26  Orbital Command  
  42  6:38  Viking, SCV  
  40  6:46  Supply Depot  
  40  6:50  SCV  
  41  6:59  SCV  
  42  7:02  SCV  
  42  7:04  Factory Reactor  
  42  7:07  Barracks Reactor  
  43  7:08  Viking  
  43  7:09  Supply Depot  
  43  7:12  Barracks Reactor, SCV  
  43  7:13  Supply Depot  
  43  7:14  SCV  
  47  7:16  Missile Turret  
  47  7:18  Marine, Stimpack  
  48  7:24  SCV  
  48  7:26  SCV  
  50  7:35  Refinery, Supply Depot  
  50  7:36  SCV  
  51  7:39  Marine  
  51  7:40  Starport Reactor  
  51  7:42  Widow Mine x2, SCV  
  57  7:45  Marine x2  
  57  7:49  SCV  
  60  7:53  Marine  
  60  7:54  Marine, SCV  
  60  7:57  Marine  
  64  8:01  SCV  
  64  8:03  Marine  
  64  8:04  Widow Mine x2  
  69  8:06  SCV  
  69  8:11  Marine x2  
  72  8:13  SCV  
  72  8:18  SCV, Terran Infantry Armor Level 1  
  72  8:19  Marine  
  76  8:22  Marauder  
  76  8:25  Refinery, SCV  
  76  8:26  Supply Depot  
  78  8:30  Supply Depot  
  78  8:32  Command Center  
  78  8:47  Marine x4  
  78  8:48  SCV x2  
  84  8:51  Marauder  
  84  8:52  Widow Mine x2, Medivac x2  
  84  8:55  Supply Depot  
  93  8:59  Supply Depot  
  93  9:00  SCV  
  94  9:14  Barracks  
  94  9:15  Barracks  
  94  9:16  Marine x4  
  101  9:17  Widow Mine, SCV  
  101  9:20  Widow Mine  
  103  9:24  SCV  
  103  9:25  Medivac x2  
  103  9:29  Marauder  
  108  9:34  Combat Shield, SCV  
  108  9:36  SCV  
  110  9:43  Marine x3, Widow Mine x2  
  116  9:53  Armory  
  116  9:55  Marauder, Engineering Bay  
  118  10:01  Medivac  
  118  10:02  Barracks Tech Lab, Medivac  
  118  10:03  Barracks Tech Lab  
  118  10:05  SCV  
  118  10:06  SCV  
  124  10:16  Orbital Command  
  124  10:19  Starport  
  124  10:22  Missile Turret  
  124  10:24  Refinery, SCV  
  125  10:44  Supply Depot x3  
  125  10:50  Refinery  
  125  10:53  Concussive Shells  
  125  11:05  Marine x4, Marauder x3, SCV x3  
  125  11:10  Viking  
  134  11:13  Viking  
  134  11:17  SCV x3  
  133  11:21  Supply Depot  
  133  11:23  Marine x3  
  134  11:27  Marauder  
  134  11:29  SCV  
  134  11:32  Viking  
  137  11:41  Marine  
  137  11:42  Marine, Marauder  
  137  11:43  Marine  
Show
View Real Time Build Order
Export as new Build Order

herO Protoss - Winner!

Build Orders: Oracle Opening 

Get SALT Encoding   

  12  0:01  Probe  
  13  0:13  Probe  
  14  0:17  Pylon  
  14  0:24  Probe  
  15  0:32  Probe  
  15  0:37  Gateway  
  15  0:40  Probe  
  16  0:47  Assimilator  
  17  0:51  Probe  
  18  1:03  Probe  
  19  1:13  Pylon  
  19  1:15  Probe  
  20  1:24  Cybernetics Core  
  20  1:26  Zealot  
  20  1:28  Probe  
  20  1:31  Assimilator  
  23  1:40  Probe  
  24  1:52  Probe, Adept  
  25  2:04  Probe  
  28  2:11  Stargate  
  28  2:16  Probe, Pylon  
  28  2:20  Adept  
  30  2:28  Probe  
  30  2:38  Warp Gate  
  30  2:47  Nexus  
  30  2:52  Oracle  
  30  2:54  Adept  
  33  3:07  Probe  
  29  3:22  Probe  
  21  3:34  Probe  
  21  3:36  Oracle  
  21  3:47  Probe  
  25  3:59  Probe  
  25  4:03  Oracle, Probe  
  26  4:15  Probe  
  30  4:27  Probe x2  
  32  4:34  Oracle  
  37  4:52  Gateway  
  35  4:54  Stalker  
  37  5:05  Probe x2  
  39  5:15  Phoenix  
  41  5:23  Stalker  
  43  5:29  Probe  
  43  5:32  Probe  
  45  5:40  Phoenix  
  47  5:46  Probe x2  
  49  5:57  Probe x2  
  51  6:06  Probe x2  
  51  6:09  Robotics Facility  
  53  6:14  Probe  
  53  6:16  Pylon  
  54  6:26  Forge  
  54  6:33  Probe x2  
  56  6:41  Probe x2, Assimilator  
  56  6:43  Assimilator  
  56  6:44  Pylon  
  56  6:46  Sentry  
  60  6:49  Probe x2  
  62  7:00  Probe  
  62  7:02  Probe  
  62  7:06  Robotics Bay  
  62  7:07  Observer  
  65  7:08  Probe  
  65  7:14  Probe, Pylon  
  67  7:16  Probe  
  67  7:20  Protoss Ground Weapons Level 1  
  68  7:26  Probe  
  68  7:28  Probe  
  70  7:32  Twilight Council  
  70  7:33  Observer  
  71  7:39  Gateway x2, Probe  
  71  7:40  Probe  
  73  7:46  Sentry, Zealot  
  73  7:50  Pylon  
  77  7:53  Pylon  
  77  7:54  Observer  
  78  8:01  Extended Thermal Lance  
  78  8:02  Colossus  
  78  8:13  Nexus  
  78  8:16  Pylon  
  78  8:23  Probe x2, Blink  
  86  8:35  Probe x2  
  88  8:46  Probe  
  88  8:47  Probe  
  90  8:53  Pylon  
  90  8:54  Probe  
  90  8:55  Colossus  
  90  8:59  Probe  
  90  9:02  Probe, Pylon  
  98  9:04  Protoss Ground Weapons Level 2  
  99  9:11  Probe  
  99  9:14  Probe  
  99  9:15  Shield Battery  
  101  9:26  Stalker x4  
  101  9:31  Probe x3  
  112  9:35  Gateway  
  112  9:39  Colossus  
  112  9:40  Gateway  
  112  9:49  Observer  
  112  9:52  Assimilator  
  118  9:53  Assimilator  
  118  10:01  Forge  
  118  10:03  Gateway  
  118  10:11  Stalker  
  118  10:12  Stalker x3  
  126  10:16  Charge  
  126  10:29  Pylon  
  126  10:30  Pylon  
  126  10:31  Pylon  
  126  10:33  Warp Prism  
  128  10:36  Pylon  
  128  10:42  Stalker x2  
  128  10:46  Pylon  
  128  10:49  Sentry  
  134  10:50  Sentry, Zealot x2  
  135  11:17  Stalker x6  
  135  11:18  Stalker  
  149  11:22  Immortal  
  151  11:26  Probe x3  
  154  11:43  Sentry x2  
  154  11:44  Stalker x3  
  154  11:45  Zealot  
  166  11:48  Zealot  

Tags
 
Add a new tag
Caveats
  • Supply blocks, unpowered buildings, or Contaminate may cause inaccurate times.
  • Supply counts are checked every 10 seconds.